 Dungeon Crawl Stone Soup version 0.29-a0-341-g24ffce5b50 (webtiles) character file.

Game seed: 15907721135558876176

652 NinjaNoafa the Bolt Thrower (level 7, 0/42 HPs)
             Began as a Kobold Arcane Marksman on Apr 20, 2022.
             Was an Initiate of Hepliaklqana.
             Succumbed to an orc's poison
             ... on level 4 of the Dungeon.
             The game lasted 00:10:38 (4218 turns).

NinjaNoafa the Bolt Thrower (KoAM)                  Turns: 4218, Time: 00:10:38

Health: 0/42       AC:  6    Str:  7    XL:     7   Next: 84%
Magic:  11/11      EV: 16    Int: 21    God:    Hepliaklqana [......]
Gold:   284        SH:  0    Dex: 17    Spells: 11/12 levels left

rFire   + . .      SeeInvis .   r - +2 rapier (venom)
rCold   x . .      Faith    .   (no shield)
rNeg    . . .      Spirit   .   b - +1 robe
rPois   .          Reflect  .   i - +0 helmet
rElec   .          Harm     .   (no cloak)
rCorr   .          Rampage  .   (no gloves)
Will    .....                   j - +1 pair of boots
Stlth   +++.......              (no amulet)
HPRegen 0.14/turn               h - +6 ring of intelligence
MPRegen 0.12/turn               k - ring of fire

@: mighty, lethally poisoned (0 -> 0)
A: small, no large weapons, nightstalker 3
a: Renounce Religion


You were on level 4 of the Dungeon.
You worshipped Hepliaklqana.
Hepliaklqana was noncommittal.
You visited 1 branch of the dungeon, and saw 4 of its levels.

You collected 284 gold pieces.

Inventory:

Hand Weapons
 a - a +0 hand crossbow of venom
 e - a +0 dagger of draining
 l - a +0 mace
 p - a +0 hunting sling
 r - a +2 rapier of venom (weapon)
Missiles
 f - 105 stones
 s - 8 poisoned darts
Armour
 b - a +1 robe (worn)
 i - a +0 helmet (worn)
 j - a +1 pair of boots (worn)
 u - a +0 kite shield
Jewellery
 h - a +6 ring of intelligence (left hand)
 k - a ring of fire (right hand)
Wands
 d - a wand of iceblast (10)
 t - a wand of digging (3)
Scrolls
 c - 2 scrolls of vulnerability
 m - 2 scrolls of amnesia
 o - 2 scrolls of identify
 q - a scroll of magic mapping
Potions
 g - 2 potions of haste


   Skills:
 + Level 3.7 Fighting
 + Level 3.7 Short Blades
 + Level 5.0 Crossbows
 + Level 4.5 Dodging
 + Level 3.1 Spellcasting
 + Level 4.3 Hexes


You had 11 spell levels left.
You knew the following spells:

 Your Spells              Type           Power      Damage    Failure   Level
a - Slow                  Hex            84%        N/A       2%          1

Your spell library contained the following spells:

 Spells                   Type           Power      Damage    Failure   Level
 Animate Skeleton         Necr           6%         N/A       13%         1
 Apportation              Tloc           6%         N/A       13%         1
 Summon Small Mammal      Summ           12%        N/A       13%         1
 Inner Flame              Hex/Fire       18%        N/A       16%         3
 Portal Projectile        Hex/Tloc       24%        N/A       16%         3
 Cause Fear               Hex            10%        N/A       22%         4


Dungeon Overview and Level Annotations

Branches:
Dungeon (4/15)
 Temple: D:4-7

Altars:
Ashenzari
Elyvilon
Gozag
Hepliaklqana
Makhleb
Ru
Sif Muna
Trog
Vehumet
Xom
Yredelemnul
The Shining One
Beogh

Shops:
D:1 (


Innate Abilities, Weirdness & Mutations

You are small and have problems with some larger weapons.
You are completely attuned to the shadows.


Message History

You puncture the orc priest!
The orc priest is poisoned.
The orc priest is heavily wounded.
The orc priest completely misses you. The orc barely misses you.
You barely miss the orc priest.
The orc priest is heavily wounded.
The orc hits you but does no damage.
The orc priest hits you with a +0 war axe.
* * * LOW HITPOINT WARNING * * *
The orc hits you with a +1 hand axe of venom.
* * * LOW HITPOINT WARNING * * *
You are poisoned.
The orc priest attacks as you move away!
The orc priest hits you but does no damage.
The orc attacks as you move away! The orc misses you.
* * * LOW HITPOINT WARNING * * *
You feel sick.
You feel very mighty all of a sudden.
You feel sick.
You kill the orc priest!
The orc hits you with a +0 club.
* * * LOW HITPOINT WARNING * * *
Your Crossbows skill increases to level 5!
You puncture the orc!
You kill the orc!
* * * LOW HITPOINT WARNING * * *
You feel sick.
You hit the orc.
The orc is moderately wounded.
* * * LOW HITPOINT WARNING * * *
You feel sick. The orc closely misses you.
You hit the orc.
The orc is poisoned.
The orc is almost dead.
* * * LOW HITPOINT WARNING * * *
You feel sick.
You kill the orc!
There is a lethal amount of poison in your body!
There is a lethal amount of poison in your body!
Okay, then.
Okay, then.
You die...

....?.#..#
####..........
......##.#
............# .#....#
#..........# ###)
#.....#...### ##.').
#...###...... ##'#
##..###...#...
##?.#####...# #<.##...
#$$.)#......###.####..
#..).@)....###..##....
.##.)##†###..##........
..####..# #............
#.......###..#.##......
.........##.#####......
............## #.##...
.........##..####......
.........##............
........#####.........>


There were no monsters in sight!

Vanquished Creatures
  Sigmund (D:4)
  An ogre (D:4)
  Blork the orc (D:4)
  A scorpion (D:4)
  A jelly (D:4)
  An orc priest (D:4)
  A hound (D:4)
  An iguana (D:4)
  7 adders
  2 river rats (D:3)
  An ufetubus (D:4)
  2 worms
  A dart slug (D:1)
  6 orcs
  6 ball pythons
  6 bats
  9 endoplasms
  5 giant cockroaches
  10 hobgoblins
  10 kobolds
  2 quokkas
  4 frilled lizards
  9 goblins
  6 rats
94 creatures vanquished.

Notes
Turn   | Place    | Note
-------+----------+-------------------------------------------
     0 | D:1      | NinjaNoafa the Kobold Arcane Marksman began the quest for
                  | the Orb.
     0 | D:1      | Reached XP level 1. HP: 12/12 MP: 2/2
   252 | D:1      | Reached XP level 2. HP: 16/16 MP: 3/3
   615 | D:1      | Reached skill level 3 in Crossbows
   737 | D:1      | Reached XP level 3. HP: 20/20 MP: 5/5
   892 | D:1      | Found Ryiph's Antique Weapon Boutique.
  1009 | D:1      | Found a faded altar of an unknown god.
  1250 | D:2      | Reached skill level 1 in Short Blades
  1830 | D:3      | Reached XP level 4. HP: 26/26 MP: 6/6
  2605 | D:3      | Reached XP level 5. HP: 24/30 MP: 7/7
  3471 | D:4      | Noticed Sigmund
  3482 | D:4      | Killed Sigmund
  3483 | D:4      | Reached skill level 4 in Crossbows
  3483 | D:4      | Reached XP level 6. HP: 36/36 MP: 9/9
  3493 | D:4      | Found a sacrificial altar of Ru.
  3493 | D:4      | Found a bloodstained altar of Trog.
  3493 | D:4      | Found a shimmering blue altar of Sif Muna.
  3494 | D:4      | Found a broken altar of Ashenzari.
  3494 | D:4      | Found a burning altar of Makhleb.
  3494 | D:4      | Found a basalt altar of Yredelemnul.
  3496 | D:4      | Found a radiant altar of Vehumet.
  3496 | D:4      | Found a hazy altar of Hepliaklqana.
  3496 | D:4      | Found a shimmering altar of Xom.
  3501 | D:4      | Found a white marble altar of Elyvilon.
  3501 | D:4      | Found a glowing golden altar of the Shining One.
  3501 | D:4      | Found an opulent altar of Gozag.
  3504 | D:4      | Became a worshipper of Hepliaklqana the Forgotten
  3549 | D:4      | Noticed Blork the orc
  3557 | D:4      | Killed Blork the orc
  3558 | D:4      | Reached XP level 7. HP: 16/41 MP: 10/10
  4215 | D:4      | Reached skill level 5 in Crossbows
  4217 | D:4      | HP: 1/42 [poisoned by an orc]
  4218 | D:4      | Succumbed to an orc's poison

Illustrated notes

Levels and vault maps discovered:
D:1:      sevenhm_arrival_forest_fort_small_3, layout_loops_ring,
          hellmonk_ecumenical_altar_defaced_shrine, serial_shops, shop
D:2:      layout_basic
D:3:      layout_basic, gup_sewer_entry_bubbles, guppyfry_early_orc_mine
D:4:      layout_cave_pools, nicolae_overflows_in_rows, minmay_joined_circles,
          uniq_blork_the_orc, uniq_sigmund

Skill      XL: |  1  2  3  4  5  6  7 |
---------------+----------------------+-----
Crossbows      | 3 4 5 |  5.0
Short Blades   | 1 2 3 |  3.7
Fighting       | 2 3 |  3.7
Dodging        | 3 4 |  4.5
Spellcasting   | 2 3 |  3.1
Hexes          | 4 |  4.3

Action                   |  1- 3 |  4- 6 |  7- 9 || total
-------------------------+-------+-------+-------++-------
Melee: Dagger            |    31 |       |       ||    31
       Rapier            |     2 |    69 |    44 ||   115
       Punch             |       |       |     3 ||     3
 Fire: Hand crossbow     |    38 |    41 |    16 ||    95
       Hunting sling     |       |       |     1 ||     1
 Cast: Slow              |     2 |       |       ||     2
  Use: Scroll            |       |     8 |     1 ||     9
       Potion            |       |       |     4 ||     4
 Stab: Sleeping          |     4 |     7 |       ||    11
       Distracted        |       |     1 |       ||     1
Armor: Robe              |     7 |    14 |    13 ||    34
Dodge: Dodged            |    28 |    78 |    43 ||   149

Table legend: (Time is in decaauts)
 A = Elapsed time spent in this place.
 B = Non-inter-level travel time spent in this place.
 C = Inter-level travel time spent in this place.
 D = Time resting spent in this place.
 E = Time spent auto-exploring this place.
 F = Levels seen in this place.
 G = Mean time per level.
                   A        B        C        D        E       F      G
               +--------+--------+--------+--------+--------+-----+--------+
         Total |   4253 |   4112 |    141 |    189 |   3247 |   4 | 1063.2 |
       Dungeon |   4253 |   4112 |    141 |    189 |   3247 |   4 | 1063.2 |
               +--------+--------+--------+--------+--------+-----+--------+

Top non-repeatable levels by time:
     D:3: 1706 daAuts
     D:1: 1214 daAuts
     D:4: 735 daAuts
     D:2: 598 daAuts
